 Dungeon Crawl Stone Soup version 0.23-a0-650-ga4d50d4 (webtiles) character file.

8 Amnesiac the Sneak (level 2, -1/11 HPs)
             Began as a Felid Earth Elementalist on Jan 5, 2019.
             Slain by a worker ant (5 damage)
             ... on level 3 of the Dungeon.
             The game lasted 00:01:36 (544 turns).

Amnesiac the Sneak (Felid Earth Elementalist)        Turns: 544, Time: 00:01:37

Health: -1/11      AC:  1    Str:  4    XL:     2   Next: 0%
Magic:  6/6        EV: 18    Int: 16    God:
Gold:   14         SH:  0    Dex: 16    Spells: 2/5 levels left
                                        Lives:  0   Deaths: 0

rFire    . . .     SeeInvis +   (weapon unavailable)
rCold    . . .     Gourm    .   (shield unavailable)
rNeg     . . .     Faith    .   (armour unavailable)
rPois    .         Spirit   .   (helmet unavailable)
rElec    .         Reflect  .   (cloak unavailable)
rCorr    .         Harm     .   (gloves unavailable)
MR       .....                  (boots unavailable)
Stlth    ++........             (no amulet)
HPRegen  0.03/turn              e - ring of attention (curse)
MPRegen  0.10/turn              (no ring)

@: quick
A: very small, no armour, no weapons or thrown items, stealth, claws 1, fangs 3,
see invisible, carnivore, speed 1, shaggy fur 1, slow metabolism 1, sharp paws
a: no special abilities


You were on level 3 of the Dungeon.
You were not hungry.

You visited 1 branch of the dungeon, and saw 3 of its levels.

You collected 14 gold pieces.

Inventory:

Missiles
 b - 56 stones
Jewellery
 e - a cursed ring of attention (left paw)
Comestibles
 c - a ration


   Skills:
 - Level 2.6 Dodging
 - Level 3.0 Stealth
 + Level 0.6 Unarmed Combat
 * Level 2.3 Spellcasting
 - Level 1.1 Transmutations
 - Level 2.7 Earth Magic


You had 2 spell levels left.
You knew the following spells:

 Your Spells              Type           Power        Failure   Level  Hunger
a - Sandblast             Erth           ##....       7%          1    #......
b - Passwall              Tmut/Erth      #.......     14%         2    ###....

Your spell library contained the following spells:

 Spells                   Type           Power        Failure   Level  Hunger
 Stone Arrow              Conj/Erth      #.....       34%         3    ###....
 Petrify                  Tmut/Erth      #.......     65%         4    #####..
 Lee's Rapid Deconstruct  Erth           ##........   88%         5    ######.


Dungeon Overview and Level Annotations

Branches:
Dungeon (3/15)

Altars:

Annotations:
D:3 Jessica, Sigmund, Terence


Innate Abilities, Weirdness & Mutations

You cannot wear armour.
You are incapable of wielding weapons or throwing items.
Your paws allow you to move quietly. (Stealth)
You have sharp claws.
You have razor-sharp teeth.
You have supernaturally acute eyesight. (SInv)
You are carnivorous and can eat meat at any time.
You cover ground quickly.
You are covered in fur. (AC +1)
You have a slow metabolism.
Your sharp claws are effective at attacking unaware monsters.


Message History

A kobold comes into view. It is wielding a +0 whip.
The kobold shouts!
You hear a shout!
Casting: Sandblast (safe; 7% risk of failure)
Confirm with . or Enter, or press ? or * to list all spells.
Aiming: Sandblast (safe; 7% risk of failure)
Press: ? - help, Shift-Dir - straight line, f - kobold
Aim: a kobold, wielding a +0 whip The blast of sand hits the kobold.
You kill the kobold!
Training target 3.0 for Stealth reached!
Your Stealth skill increases to level 3!
b - 27 stones Unknown command.
A rat comes into view.
Jessica the Apprentice Sorceress comes into view.
She is wielding a +0 club.
Found a long sword.
Found 16 stones.
A worker ant comes into view.
The worker ant moves out of view.
b - 43 stones (gained 16)
You open the door.
Found 14 gold pieces.
There is an open door here.
You now have 14 gold pieces.
A hobgoblin comes into view. It is wielding a +0 club.
The hobgoblin shouts!
Casting: Sandblast (safe; 7% risk of failure)
Confirm with . or Enter, or press ? or * to list all spells.
You can't see any susceptible monsters within range! (Use Z to cast anyway.)
You start waiting.
The hobgoblin is too close now for your liking.
Casting: Sandblast (safe; 7% risk of failure)
Confirm with . or Enter, or press ? or * to list all spells.
Aiming: Sandblast (safe; 7% risk of failure)
Press: ? - help, Shift-Dir - straight line, f - hobgoblin
Aim: a hobgoblin, wielding a +0 club The blast of sand hits the hobgoblin.
You kill the hobgoblin!
You have reached level 2!
b - 42 stones Memorise Passwall, consuming 2 spell levels and leaving 2? [Y]es or [N]o only, please.
Memorise Passwall, consuming 2 spell levels and leaving 2?
You start memorising the spell.
You continue memorising. x2
You finish memorising.
Spell assigned to 'b'.
You start resting.
Magic restored.
Terence the Incautious comes into view.
He is wielding a +1 hand axe of venom
There is an open door here.
You see here a long sword.
Terence is too close now for your liking.
You see here a long sword.
Found a stone staircase leading up.
Found 14 stones.
Found a stone staircase leading down.
You see here 14 stones.
b - 56 stones (gained 14)
The worker ant bites you!
Ouch! That really hurt!
* * * LOW HITPOINT WARNING * * *
Terence screams, "I want your blood!" The worker ant closely misses you.
There is a stone staircase leading down here.
The worker ant misses you. The worker ant bites you.
You die...

####..# ####+##.....#
............#
.........<..#
............#
............#
............# ..
####+##...#.###....
#@a.@...........
######.#.####### #.#.#..
######.#.#.# #g
#......#.#.# #.
###.######.#.#### #.
#........#.#....# #.
#####.#.####.#.#.##.# #.
#.......#........##.#.#.


You could see Terence and a worker ant.

Vanquished Creatures
  A leopard gecko (D:1)
  A goblin (D:1)
  2 hobgoblins (D:3)
  A bat (D:1)
  A kobold (D:3)
  A rat (D:1)
7 creatures vanquished.

Notes
Turn   | Place    | Note
-------+----------+-------------------------------------------
     0 | D:1      | Amnesiac the Felid Earth Elementalist began the quest for
                  | the Orb.
     0 | D:1      | Reached XP level 1. HP: 7/7 MP: 4/4
   343 | D:3      | Noticed Sigmund
   389 | D:3      | Reached skill level 3 in Stealth
   390 | D:3      | Noticed Jessica
   407 | D:3      | Noticed a worker ant
   460 | D:3      | Reached XP level 2. HP: 11/11 MP: 4/6
   464 | D:3      | Learned a level 2 spell: Passwall
   471 | D:3      | Noticed Terence
   544 | D:3      | Slain by a worker ant

Vault maps used:
D:1:      eino_arrival_cavern_d, due_unseen_surprise
D:2:      cheibriados_altar_1
D:3:      kennysheep_generic_room_8, uniq_jessica, uniq_sigmund, uniq_robin,
          uniq_terence

Skill      XL: |  1 |
---------------+----+-----
Stealth        | 3 |  3.0
Dodging        | |  2.6
Unarmed Combat | |  0.6
Spellcasting   | |  2.3
Transmutations | |  1.1
Earth Magic    | |  2.7

Action                   || total
-------------------------++-------
Melee: Unarmed           ||    13
       Bite              ||     1
 Cast: Sandblast         ||     4
  Use: Scroll            ||     2
 Stab: Sleeping          ||     3
  Eat: Chunk             ||     1
Armor: Skin              ||     1
Dodge: Dodged            ||    15

Table legend:
 A = Non-vault XP
 B = Vault XP
 C = Vault XP percentage of total XP
 D = Non-vault monster count
 E = Vault monster count
 F = Vault count percentage of total count
                 A         B        C        D         E       F
            +---------+---------+-------+---------+---------+-------
      Total |      12 |       0 |   0.0 |       7 |       0 |   0.0
            +---------+---------+-------+---------+---------+-------
        D:1 |       7 |       0 |   0.0 |       4 |       0 |   0.0
        D:3 |       5 |       0 |   0.0 |       3 |       0 |   0.0
            +---------+---------+-------+---------+---------+-------
